 Dungeon Crawl Stone Soup version 0.29-a0-551-gffc1d7fb78 (webtiles) character file.

Game seed: 14574748967068475378

2 oldriver the Sneak (level 1, 0/19 HPs)
             Began as a Palentonga Delver on June 5, 2022.
             Slain by a bullfrog (4 damage)
             ... on level 6 of the Dungeon.
             The game lasted 00:00:20 (35 turns).

oldriver the Sneak (Palentonga Delver)                Turns: 35, Time: 00:00:20

Health: 0/19       AC:  4    Str: 15    XL:     1   Next: 25%
Magic:  1/1        EV:  9    Int: 10    God:
Gold:   0          SH:  0    Dex: 11    Spells: 0/0 levels left

rFire   . . .      SeeInvis +   a - +0 hand axe
rCold   . . .      Faith    .   (no shield)
rNeg    . . .      Spirit   .   b - +0 leather armour
rPois   .          Reflect  .   (no helmet)
rElec   .          Harm     .   (no cloak)
rCorr   .          Rampage  .   (no gloves)
Will    .....                   (no barding)
Stlth   ++........              (no amulet)
HPRegen 0.06/turn               (no ring)
MPRegen 0.07/turn               (no ring)

@: hasted, very quick
A: large, rugged brown scales 3, see invisible, deformed body, roll 1, armoured
tail
a: Rolling Charge


You were on level 6 of the Dungeon.
You visited 1 branch of the dungeon, and saw 2 of its levels.

Inventory:

Hand Weapons
 a - a +0 hand axe (weapon)
Armour
 b - a +0 leather armour (worn)
Wands
 g - a wand of digging (3)
Scrolls
 c - a scroll of fog
 d - a scroll of magic mapping
 e - a scroll of fear


   Skills:
 + Level 3.0 Fighting
 + Level 2.1 Axes
 - Level 1.5 Dodging
 - Level 3.3 Stealth


You couldn't memorise any spells.
You didn't know any spells.
Your spell library was empty.

Dungeon Overview and Level Annotations

Branches:
Dungeon (6/15)
 Temple: D:4-7

Altars:


Innate Abilities, Weirdness & Mutations

You are completely covered in rugged brown scales. (AC +3, +7% HP)
You have supernaturally acute eyesight. (SInv)
Armour fits poorly on your strangely shaped body.
You can roll at nearby foes to attack.
You have a long armoured tail.


Message History

There is a stone staircase leading down here.
The orc wizard gestures wildly while chanting.
The orc wizard flickers and vanishes for a moment.
You climb downwards.
The bullfrog gives a loud, deep croak!
Found a trident.
There is a stone staircase leading up here.
You feel yourself speed up.
Found Ozocubu's Autobiography.
You roll forward with a clatter of scales!
You hit the bullfrog.
The bullfrog is moderately wounded.
The bullfrog barely misses you.
You closely miss the bullfrog.
The bullfrog is moderately wounded.
The bullfrog hits you.
You miss the bullfrog.
Your tail-slap misses the bullfrog.
The bullfrog is moderately wounded.
The bullfrog hits you!
You hit the bullfrog.
The bullfrog is moderately wounded.
The bullfrog hits you!
* * * LOW HITPOINT WARNING * * *
You slash the bullfrog!
The bullfrog is heavily wounded.
The bullfrog barely misses you. x2
You hit the bullfrog.
The bullfrog is severely wounded.
The bullfrog hits you but does no damage.
You hit the bullfrog but do no damage.
You tail-slap the bullfrog, but do no damage.
The bullfrog is severely wounded.
The bullfrog hits you but does no damage.
You hit the bullfrog.
The bullfrog is almost dead.
The bullfrog barely misses you.
You closely miss the bullfrog.
The bullfrog is almost dead.
The bullfrog hits you.
You die...

###
####<#####
####........#
.......@....#
.......F....#
............#
##...)..#####
#.......
###.....
#.:...
#......


You could see a bullfrog.

Vanquished Creatures
  An orc (D:5)
1 creature vanquished.

Notes
Turn   | Place    | Note
-------+----------+-------------------------------------------
     0 | D:5      | oldriver the Palentonga Delver began the quest for the Orb.
     0 | D:5      | Reached XP level 1. HP: 19/19 MP: 1/1
     1 | D:5      | Noticed a howler monkey
     5 | D:5      | Noticed an orc wizard
    17 | D:5      | Noticed an orc priest
    17 | D:5      | Noticed an orc priest
    24 | D:6      | Noticed a bullfrog
    35 | D:6      | Slain by a bullfrog

Illustrated notes

Levels and vault maps discovered:
D:5:      layout_rooms, corexii_leaking_fountain, grunt_ministairs_12,
          minmay_ogre_servants, uniq_edmund
D:6:      layout_basic

Action                   || total
-------------------------++-------
Melee: Hand axe          ||    10
       Tailslap          ||     2
 Abil: Rolling Charge    ||     1
  Use: Potion            ||     1
Armor: Leather armour    ||     3
Dodge: Dodged            ||     4

Table legend: (Time is in decaauts)
 A = Elapsed time spent in this place.
 B = Non-inter-level travel time spent in this place.
 C = Inter-level travel time spent in this place.
 D = Time resting spent in this place.
 E = Time spent auto-exploring this place.
 F = Levels seen in this place.
 G = Mean time per level.
                   A        B        C        D        E       F      G
               +--------+--------+--------+--------+--------+-----+--------+
         Total |     32 |     32 |      0 |      0 |      1 |   2 |   16.0 |
       Dungeon |     32 |     32 |      0 |      0 |      1 |   2 |   16.0 |
               +--------+--------+--------+--------+--------+-----+--------+

Top non-repeatable levels by time:
     D:5: 24 daAuts
     D:6: 8 daAuts
